 Dungeon Crawl Stone Soup version 0.22-b1-21-g5cfc1688f2 (webtiles) character file.

85395 MirrMurr the Severer (level 15, 0/138 HPs)
             Began as a Minotaur Berserker on Aug 7, 2018.
             Was a High Priest of Trog.
             Slain by an orc warrior
             ... wielding a +0 halberd
              (28 damage)
             ... on level 1 of the Orcish Mines.
             The game lasted 00:54:34 (26091 turns).

MirrMurr the Severer (Minotaur Berserker)          Turns: 26091, Time: 00:54:34

Health: 0/138      AC: 18    Str: 23    XL:     15   Next: 37%
Magic:  0/4        EV: 14    Int:  9    God:    Trog [*****.]
Gold:   2167       SH:  0    Dex: 15    Spells: 14/14 levels left

rFire    + . .     SeeInvis .   a - +4 executioner's axe (antimagic)
rCold    + . .     Gourm    .   (shield currently unavailable)
rNeg     + + .     Faith    .   C - +2 plate armour {rPois}
rPois    +         Spirit   +   l - +0 hat "Vaicw" {rN++ Int+3 Dex+2}
rElec    .         Reflect  .   T - scarf {Spirit}
rCorr    .         Harm     .   (no gloves)
MR       +....                  (no boots)
Stlth    ..........             (no amulet)
HPRegen  0.33/turn              G - ring of protection from fire
MPRegen  0.09/turn              V - ring of protection from cold

@: no status effects
A: retaliatory headbutt, horns 2
a: Berserk, Trog's Hand, Brothers in Arms, Renounce Religion


You were on level 1 of the Orcish Mines.
You worshipped Trog.
Trog was extremely pleased with you.
You were hungry.

You visited 4 branches of the dungeon, and saw 24 of its levels.

You collected 2367 gold pieces.
You spent 200 gold pieces at shops.

Inventory:

Hand Weapons
 a - a +4 antimagic executioner's axe (weapon)
 b - a +0 arbalest
 q - a +0 blowgun
Missiles
 f - 458 stones (quivered)
 h - 119 bolts
 p - 6 large rocks
 s - 2 throwing nets {!f}
 x - 122 poisoned needles
 K - 2 curare-tipped needles
Armour
 l - the +0 hat "Vaicw" (worn) {rN++ Int+3 Dex+2}
   (You found it on level 9 of the Dungeon)

   It affects your intelligence (+3).
   It affects your dexterity (+2).
   It greatly protects you from negative energy.
 C - a +2 plate armour of poison resistance (worn)
 N - a scarf of cloud immunity
 T - a scarf of spirit shield (worn)
Jewellery
 d - an uncursed ring of resist corrosion
 m - an uncursed ring of protection from fire
 t - an uncursed amulet of the gourmand {unknown}
 G - a ring of protection from fire (left hand)
 J - an uncursed ring of ice
 O - an uncursed amulet of rage {unknown}
 V - a ring of protection from cold (right hand)
Wands
 k - a wand of disintegration (25)
 o - a wand of digging (23)
 u - a wand of polymorph (30)
 y - a wand of acid (14)
 I - a wand of enslavement (55)
 M - a wand of iceblast (16)
Scrolls
 g - 2 scrolls of enchant armour
 i - 6 scrolls of identify
 r - 18 scrolls of remove curse
 w - 12 scrolls of teleportation
 z - 2 scrolls of fog
 A - 2 scrolls of magic mapping
 L - a scroll of fear
 R - a scroll of immolation
Potions
 e - 2 potions of curing
 j - 6 potions of haste
 n - 3 potions of ambrosia
 v - 4 potions of might
 B - a potion of mutation {unknown}
 D - 2 potions of cancellation
 F - a potion of resistance
 H - 5 potions of flight
 P - 3 potions of lignification
 S - 2 potions of invisibility
 U - 2 potions of agility {unknown}
 W - a potion of magic {unknown}
Miscellaneous
 E - a phial of floods
Comestibles
 c - 34 rations


   Skills:
 + Level 14.1 Fighting
 * Level 18.8 Axes
   Level 5.1 Slings
 + Level 8.5 Crossbows
 + Level 13.9 Armour
 + Level 12.9 Dodging


You had 14 spell levels left.
You didn't know any spells.
Your spell library was empty.

Dungeon Overview and Level Annotations

Branches:
Dungeon (15/15)            Temple (1/1) D:6            Lair (6/6) D:11
  Swamp (0/4) Lair:3       Spider (0/4) Lair:3        Slime (0/5) Lair:5
    Orc (2/2) D:10            Elf (0/3) Orc:2        Vaults (0/5) D:14
 Depths (0/5) D:15

Altars:
Ashenzari
Dithmenos
Elyvilon
Kikubaaqudgha
Nemelex Xobeh
Vehumet
Yredelemnul
Zin
Beogh

Shops:
D:8 (   D:10 (   Orc:1 }   Orc:2 (

Annotations:
Lair:3 exclusion: 2 oklob plants


Innate Abilities, Weirdness & Mutations

You reflexively headbutt those who attack you in melee.
You have a pair of horns on your head.


Message History

You slash the orc knight!
You kill the orc knight!
Trog accepts your kill.
You slice the orc warrior!!
The orc warrior is severely wounded.
The orc warrior closely misses you. You furiously retaliate!
You headbutt the orc warrior, but do no damage.
You slash the orc warrior!
You kill the orc warrior!
Trog accepts your kill.
Your skin stops crawling.
You feel less resistant to hostile enchantments.
You carve the orc like a ham!!!
You kill the orc!
Trog accepts your kill.
Your plate armour prevents you from hitting the orc warrior.
The orc warrior closely misses you.
You closely miss the orc warrior.
The orc warrior hits you with a halberd!!
You die...

#......#......o..
#...oo...........
##.o....oo.......
##oo..##......o.
##.#....#........
##o####.#o..#.....
##.## ###.........
#o## #..........
#.#@# ##.........
#.###.# #####.###.
#.# #.# ### ## ##
#.# ##


You could see an orc warrior.

Vanquished Creatures
  Louise (D:14)
  A stone giant (Orc:2)
  Snorg (D:14)
  2 fire dragons
  Fannar (D:11)
  An ice dragon (D:15)
  4 hydras
  5 vault guards (D:14)
  A catoblepas (Lair:3)
  7 centaur warriors
  3 two-headed ogres
  3 tengu warriors (D:15)
  4 skeletal warriors (D:14)
  3 unseen horrors
  A wizard (D:15)
  2 orc knights (Orc:1)
  20 ugly things
  A deep elf mage (D:7)
  An oklob plant (D:11)
  2 cyclopes
  2 manticores
  5 black mambas
  4 centaur zombies
  2 gargoyles
  6 centaur skeletons
  A freezing wraith (D:15)
  23 spiny frogs
  4 rime drakes
  8 komodo dragons
  2 tengu conjurers (D:14)
  A yaktaur (D:14)
  2 kobold demonologists
  A meliai (D:9)
  4 trolls
  A hornet (D:13)
  A hornet (shapeshifter) (D:15)
  A slime creature (Lair:5)
  14 blink frogs
  12 hippogriffs
  4 tyrant leeches (Lair:6)
  A spriggan (shapeshifter) (D:9)
  Sigmund (D:2)
  2 shadows
  5 wyverns
  3 wraiths
  6 basilisks
  40 yaks
  Grum (D:8)
  9 vampire mosquitoes
  4 hungry ghosts
  A warg (Orc:2)
  An acid dragon (D:11)
  15 water moccasins
  7 porcupines
  2 hell hounds (D:15)
  6 sky beasts
  2 black bears
  14 orc warriors
  5 ice beasts
  An eye of draining (D:14)
  A hornet zombie (D:10)
  23 centaurs
  2 phantoms
  2 necrophages
  7 ogres
  8 wolves
  9 crocodiles
  2 big kobolds
  35 bullfrogs
  A wyvern zombie (D:9)
  Blork the orc (D:5)
  10 killer bees
  A scorpion (D:7)
  5 wights (D:11)
  3 howler monkeys
  An electric eel (Lair:6)
  4 crimson imps
  A bullfrog zombie (D:13)
  3 quasits
  10 hounds
  12 jellies
  7 orc priests
  4 bullfrog skeletons
  Jessica (D:2)
  5 iguanas
  13 orc wizards
  16 worker ants
  A hound zombie (D:9)
  A hound skeleton (D:6)
  A worker ant zombie (D:8)
  10 adders
  A river rat (D:5)
  7 shadow imps
  4 oozes
  An adder skeleton (D:6)
  An adder zombie (D:6)
  5 worms
  8 leopard geckos
  58 orcs
  2 ball pythons
  8 giant cockroaches
  8 goblins
  4 hobgoblins
  14 jackals
  5 quokkas
  11 bats
  2 frilled lizards
  20 kobolds
  A leopard gecko zombie (D:6)
  A quokka skeleton (D:4)
  5 rats
  3 fungi (Lair:6)
  8 plants
665 creatures vanquished.

Vanquished Creatures (collateral kills)
  An unseen horror (D:10)
1 creature vanquished.

Vanquished Creatures (others)
  An ugly thing (D:14)
  An orc (D:11)
  A quokka (D:15)
  18 bushes
  A fungus (Lair:6)
  34 plants
56 creatures vanquished.

Grand Total: 722 creatures vanquished

Notes
Turn   | Place    | Note
-------+----------+-------------------------------------------
     0 | D:1      | MirrMurr the Minotaur Berserker began the quest for the Orb.
     0 | D:1      | Reached XP level 1. HP: 19/19 MP: 0/0
   188 | D:1      | Reached XP level 2. HP: 26/27 MP: 1/1
   258 | D:1      | Reached skill level 4 in Axes
   546 | D:1      | Reached XP level 3. HP: 33/33 MP: 2/2
   994 | D:2      | Noticed Sigmund
  1032 | D:2      | Killed Sigmund
  1032 | D:2      | Reached skill level 5 in Axes
  1032 | D:2      | Reached XP level 4. HP: 41/41 MP: 3/3
  1032 | D:2      | Reached XP level 5. HP: 47/47 MP: 4/4
  1064 | D:2      | Reached ** piety under Trog
  1291 | D:2      | Noticed Jessica
  1299 | D:2      | Killed Jessica
  1419 | D:2      | Reached XP level 6. HP: 49/55 MP: 5/5
  1570 | D:3      | Reached skill level 6 in Axes
  1924 | D:3      | Found a shattered altar of Ashenzari.
  1925 | D:3      | Found a shadowy altar of Dithmenos.
  1925 | D:3      | Found a glowing silver altar of Zin.
  1926 | D:3      | Found an ancient bone altar of Kikubaaqudgha.
  2003 | D:3      | Found a white marble altar of Elyvilon.
  2179 | D:4      | Reached skill level 5 in Fighting
  2421 | D:4      | Reached *** piety under Trog
  2617 | D:4      | Reached skill level 1 in Slings
  2995 | D:5      | Entered Level 5 of the Dungeon
  3000 | D:5      | Noticed a water moccasin
  3009 | D:5      | Killed a water moccasin
  3009 | D:5      | Reached XP level 7. HP: 59/61 MP: 6/6
  3239 | D:5      | Noticed Blork the orc
  3259 | D:5      | Killed Blork the orc
  3259 | D:5      | Reached skill level 7 in Axes
  3336 | D:5      | Reached skill level 5 in Armour
  3998 | D:6      | Reached XP level 8. HP: 59/70 MP: 7/7
  4002 | D:6      | Found a basalt altar of Yredelemnul.
  4097 | D:6      | Reached **** piety under Trog
  4097 | D:6      | Reached skill level 8 in Axes
  4250 | D:6      | Reached skill level 5 in Dodging
  4254 | D:6      | Found a staircase to the Ecumenical Temple.
  4263 | Temple   | Entered the Ecumenical Temple
  4577 | D:7      | Noticed a hippogriff
  4593 | D:7      | Killed a hippogriff
  4784 | D:7      | Reached skill level 9 in Axes
  4925 | D:7      | Reached XP level 9. HP: 51/78 MP: 8/8
  5718 | D:7      | Noticed a deep elf mage
  5733 | D:7      | Killed a deep elf mage
  5733 | D:7      | Reached skill level 10 in Axes
  5733 | D:7      | Reached skill level 5 in Slings
  6108 | D:8      | Noticed Grum
  6141 | D:8      | Killed Grum
  6538 | D:8      | Reached XP level 10. HP: 85/88 MP: 9/9
  6756 | D:8      | Reached skill level 11 in Axes
  6961 | D:8      | Found Sulot's Weapon Boutique.
  6968 | D:8      | Bought a +1 battleaxe of chopping for 200 gold pieces
  7198 | D:9      | Reached ***** piety under Trog
  7202 | D:9      | Received a gift from Trog
  7214 | D:9      | Noticed a fire dragon
  7221 | D:9      | Killed a fire dragon
  7251 | D:9      | Killed an unseen horror
  7505 | D:9      | Got a fine hat
  7516 | D:9      | Identified the cursed +0 hat "Vaicw" {rN++ Int+3 Dex+2} (You found it on level 9 of the Dungeon)
  7578 | D:9      | Reached skill level 12 in Axes
  8044 | D:9      | Found a radiant altar of Vehumet.
  8127 | D:9      | Received a gift from Trog
  8293 | D:10     | Entered Level 10 of the Dungeon
  8309 | D:10     | Killed an unseen horror
  8309 | D:10     | Reached XP level 11. HP: 92/97 MP: 10/10
  8698 | D:10     | Found Taymich's Antique Weapon Shop.
  8856 | D:10     | Killed an unseen horror
  8873 | D:10     | Found a staircase to the Orcish Mines.
  9102 | D:11     | Noticed a white ugly thing
  9112 | D:11     | Killed a white ugly thing
  9296 | D:11     | Found a staircase to the Lair.
  9316 | D:11     | Reached skill level 13 in Axes
  9357 | D:11     | Noticed a purple ugly thing
  9367 | D:11     | Killed a purple ugly thing
  9422 | D:11     | Noticed an oklob plant
  9445 | D:11     | Reached skill level 10 in Fighting
  9596 | D:11     | Received a gift from Trog
  9626 | D:11     | Noticed Fannar
  9681 | D:11     | Killed Fannar
  9681 | D:11     | Reached skill level 10 in Armour
 10264 | D:11     | Killed an oklob plant
 10331 | Lair:1   | Entered Level 1 of the Lair of Beasts
 10551 | Lair:1   | Reached skill level 14 in Axes
 11208 | Lair:2   | Reached XP level 12. HP: 106/108 MP: 11/11
 11518 | Lair:2   | Received a gift from Trog
 12189 | Lair:3   | Found a hole to the Spider Nest.
 12219 | Lair:3   | Reached skill level 1 in Crossbows
 12340 | Lair:3   | Reached skill level 10 in Dodging
 12524 | Lair:3   | Noticed a catoblepas
 12548 | Lair:3   | Killed a catoblepas
 12567 | Lair:3   | Reached skill level 15 in Axes
 13014 | Lair:3   | Received a gift from Trog
 13175 | Lair:3   | Found a staircase to the Swamp.
 14359 | Lair:5   | Found a staircase to the Slime Pits.
 15281 | Lair:6   | Entered Level 6 of the Lair of Beasts
 15294 | Lair:6   | Reached XP level 13. HP: 110/117 MP: 9/12
 15767 | Lair:6   | Reached skill level 16 in Axes
 15951 | Lair:6   | Received a gift from Trog
 16041 | Lair:6   | Reached skill level 5 in Crossbows
 16335 | Lair:6   | Reached ****** piety under Trog
 17251 | D:12     | Found a sparkling altar of Nemelex Xobeh.
 18229 | D:13     | Received a gift from Trog
 18486 | D:13     | Reached skill level 17 in Axes
 18779 | D:14     | Reached XP level 14. HP: 115/127 MP: 11/13
 19650 | D:14     | Received a gift from Trog
 19691 | D:14     | Noticed Snorg
 19701 | D:14     | Killed Snorg
 20068 | D:14     | Noticed Louise
 20079 | D:14     | Killed Louise
 20744 | D:14     | Received a gift from Trog
 20910 | D:14     | Reached skill level 18 in Axes
 21332 | D:14     | Found a gate to the Vaults.
 21774 | D:15     | Entered Level 15 of the Dungeon
 22795 | D:15     | Reached XP level 15. HP: 126/137 MP: 3/14
 23427 | D:15     | Found a staircase to the Depths.
 23660 | D:15     | Found a white marble altar of Elyvilon.
 24691 | D:15     | Received a gift from Trog
 25109 | Orc:1    | Entered Level 1 of the Orcish Mines
 25194 | Orc:2    | Entered Level 2 of the Orcish Mines
 25776 | Orc:2    | Found a staircase to the Elven Halls.
 25777 | Orc:2    | Found a roughly hewn altar of Beogh.
 25830 | Orc:2    | Found Garef's Weapon Boutique.
 25913 | Orc:1    | Found Kunwysho's Gadget Boutique.
 26091 | Orc:1    | Slain by an orc warrior

Skill      XL: |  1  2  3  4  5  6  7  8  9 10 11 12 13 14 15 |
---------------+----------------------------------------------+-----
Axes           | 4 5 6 7 9 10 12 14 15 17 18 | 18.8
Fighting       | 4 5 6 8 9 10 11 12 13 14 | 14.1
Armour         | 3 4 5 6 7 9 10 11 12 13 | 13.9
Dodging        | 3 4 5 6 8 9 10 11 12 | 12.9
Slings         | 1 2 4 5 |  5.1
Crossbows      | 3 5 7 8 |  8.5

Action                   |  1- 3 |  4- 6 |  7- 9 | 10-12 | 13-15 || total
-------------------------+-------+-------+-------+-------+-------++-------
Melee: Hand axe          |    51 |   117 |   337 |    18 |       ||   523
       Headbutt          |     8 |    20 |    59 |    97 |   164 ||   348
       Hunting sling     |       |       |     3 |       |       ||     3
       Battleaxe         |       |       |       |   488 |   521 ||  1009
       Executioner's axe |       |       |       |       |   243 ||   243
 Fire: Hunting sling     |       |    90 |   112 |   283 |    26 ||   511
       Hand crossbow     |       |       |       |       |   121 ||   121
       Arbalest          |       |       |       |       |    44 ||    44
Invok: Berserk           |     1 |     1 |     4 |     2 |     8 ||    16
       Trog's Hand       |       |       |       |     4 |    10 ||    14
Evoke: Wand              |       |       |       |       |    12 ||    12
  Use: Scroll            |     3 |     9 |     4 |    16 |     3 ||    35
       Potion            |       |       |       |     4 |     1 ||     5
 Stab: Petrified         |       |       |       |     5 |       ||     5
  Eat: Chunk             |       |     9 |    13 |    22 |    34 ||    78
       Ration            |       |       |     1 |     3 |     4 ||     8
Armor: Animal skin       |    11 |       |       |       |       ||    11
       Plate armour      |     9 |    76 |   236 |   307 |   470 ||  1098
       Leather armour    |     1 |       |       |       |       ||     1
Dodge: Dodged            |    31 |    47 |   145 |   237 |   552 ||  1012
